TOP OF THE 1ST |
Trenton Stars batting - Pitching for Indiana Hounds : RHP José Morán
|
Pitching: RHP José Morán
|
|
Batting: LHB Felipe Guerrero
|
0-0: Called Strike 0-1: Foul Ball, location: 2F 0-2: Foul Ball, location: 2F 0-2: Strikes out swinging
|
Batting: RHB Felipe Olivas
|
0-0: Ball 1-0: Ball 2-0: Swinging Strike 2-1: Foul Ball, location: 2F 2-2: Strikes out swinging
|
Batting: RHB Salvador Gonzáles
|
0-0: Called Strike 0-1: Foul Ball, location: 2F 0-2: Ball 1-2: Fly out, F8 (Flyball, 8LXD)
|
Top of the 1st over - 0 run(s), 0 hit(s), 0 error(s), 0 left on base; Trenton 0 - Indiana 0 |
BOTTOM OF THE 1ST |
Indiana Hounds batting - Pitching for Trenton Stars : RHP Juan Vázquez
|
Pitching: RHP Juan Vázquez
|
|
Batting: LHB Junior Coates
|
0-0: Ball 1-0: Ball 2-0: Fly out, F7 (Line Drive, 78S)
|
Batting: RHB Víctor Chávez
|
0-0: Called Strike 0-1: Ball 1-1: Ball 2-1: SINGLE (Groundball, 56D) (infield hit)
|
Batting: RHB Doug Murray
|
0-0: Ball Víctor Chávez is caught stealing 2nd base 1-0: Ground out 4-3 (Groundball, 4)
|
Bottom of the 1st over - 0 run(s), 1 hit(s), 0 error(s), 0 left on base; Trenton 0 - Indiana 0 |
TOP OF THE 2ND |
Trenton Stars batting - Pitching for Indiana Hounds : RHP José Morán
|
Batting: RHB Clancy Booker
|
0-0: Ball 1-0: Ground out 4-3 (Groundball, 4S)
|
Batting: RHB Rafael Canales
|
0-0: Ball 1-0: Ground out 5-3 (Groundball, 5S)
|
Batting: LHB Alonzo Medine
|
0-0: Called Strike 0-1: Ball 1-1: Foul Ball, location: 2F 1-2: Ground out 4-3 (Groundball, 4)
|
Top of the 2nd over - 0 run(s), 0 hit(s), 0 error(s), 0 left on base; Trenton 0 - Indiana 0 |
BOTTOM OF THE 2ND |
Indiana Hounds batting - Pitching for Trenton Stars : RHP Juan Vázquez
|
Batting: RHB Barney Lawson
|
0-0: Ball 1-0: Foul Ball, location: 2F 1-1: Ground out 6-3 (Groundball, 6)
|
Batting: RHB Danny Walker
|
0-0: Called Strike 0-1: SINGLE (Line Drive, 9LS)
|
Batting: RHB António Venecia
|
0-0: Ball 1-0: Called Strike 1-1: Ball 2-1: Foul Ball, location: 2F 2-2: Strikes out swinging
|
Batting: RHB Marc Ploughman
|
0-0: SINGLE (Groundball, 3D) Danny Walker to second Runner from 2nd tries for 3rd, SAFE, no throw or cutoff
|
Batting: LHB Pepe Vázquez
|
0-0: Called Strike 0-1: Ground out 1-3 (Groundball, 13S)
|
Bottom of the 2nd over - 0 run(s), 2 hit(s), 0 error(s), 2 left on base; Trenton 0 - Indiana 0 |
TOP OF THE 3RD |
Trenton Stars batting - Pitching for Indiana Hounds : RHP José Morán
|
Batting: LHB Alberto Gómez
|
0-0: Swinging Strike 0-1: Swinging Strike 0-2: Strikes out swinging
|
Batting: RHB Jesús Dávila
|
0-0: Foul Ball, location: 2F 0-1: Swinging Strike 0-2: Ball 1-2: Foul Ball, location: 2F 1-2: Strikes out swinging
|
Batting: RHB Kenji Murayama
|
0-0: Ball 1-0: Called Strike 1-1: Ball 2-1: SINGLE (Groundball, 6MD)
|
Batting: LHB Felipe Guerrero
|
0-0: Swinging Strike 0-1: Ball 1-1: Fly out, F9 (Flyball, 9D)
|
Top of the 3rd over - 0 run(s), 1 hit(s), 0 error(s), 1 left on base; Trenton 0 - Indiana 0 |
BOTTOM OF THE 3RD |
Indiana Hounds batting - Pitching for Trenton Stars : RHP Juan Vázquez
|
Batting: RHB Paco Castillo
|
0-0: Ball 1-0: Called Strike 1-1: Called Strike 1-2: Ground out 5-3 (Groundball, 5)
|
Batting: LHB Junior Coates
|
0-0: Called Strike 0-1: Ball 1-1: Ball 2-1: Foul Ball, location: 2F 2-2: Ball 3-2: SOLO HOME RUN (Flyball, 89XD), Distance : 395 ft
|
Batting: RHB Víctor Chávez
|
0-0: SINGLE (Line Drive, 78S)
|
Batting: RHB Doug Murray
|
0-0: Ball 1-0: 2-RUN HOME RUN (Flyball, 89XD), Distance : 379 ft
|
Batting: RHB Barney Lawson
|
0-0: Ground out 5-3 (Groundball, 56S)
|
Batting: RHB Danny Walker
|
0-0: Ball 1-0: Ball 2-0: Swinging Strike 2-1: Called Strike 2-2: Reached on error, E3 (Groundball, 3S)
|
Batting: RHB António Venecia
|
0-0: Ball 1-0: Called Strike 1-1: Ball 2-1: Ball 3-1: Base on Balls Danny Walker to second
|
Batting: RHB Marc Ploughman
|
0-0: SINGLE (Line Drive, 56) Danny Walker to third António Venecia to second
|
Batting: LHB Pepe Vázquez
|
0-0: Ball 1-0: Ball 2-0: Ball 3-0: Called Strike 3-1: Foul Ball, location: 2F 3-2: Foul Ball, location: 2F 3-2: Fly out, F5 (Popup, 25F)
|
Bottom of the 3rd over - 3 run(s), 4 hit(s), 1 error(s), 3 left on base; Trenton 0 - Indiana 3 |
TOP OF THE 4TH |
Trenton Stars batting - Pitching for Indiana Hounds : RHP José Morán
|
Batting: RHB Felipe Olivas
|
0-0: Ground out 6-3 (Groundball, 6)
|
Batting: RHB Salvador Gonzáles
|
0-0: Ball 1-0: Foul Ball, location: 2F 1-1: Fly out, F8 (Flyball, 8RXD)
|
Batting: RHB Clancy Booker
|
0-0: Swinging Strike 0-1: Ball 1-1: SINGLE (Groundball, 34D)
|
Batting: RHB Rafael Canales
|
0-0: Ball Clancy Booker steals 2nd base 1-0: DOUBLE (Line Drive, 7LS) Clancy Booker scores
|
Batting: LHB Alonzo Medine
|
0-0: SINGLE (Groundball, 4MD) Rafael Canales to third Runner from 3rd tries for Home, SAFE, no throw or cutoff
|
Batting: LHB Alberto Gómez
|
0-0: Called Strike 0-1: Called Strike 0-2: Ball 1-2: Foul Ball, location: 2F 1-2: Ball 2-2: Foul Ball, location: 2F 2-2: Strikes out looking
|
Top of the 4th over - 2 run(s), 3 hit(s), 0 error(s), 1 left on base; Trenton 2 - Indiana 3 |
BOTTOM OF THE 4TH |
Indiana Hounds batting - Pitching for Trenton Stars : RHP Juan Vázquez
|
Batting: RHB Paco Castillo
|
0-0: Ball 1-0: Fly out, F9 (Flyball, 9M)
|
Batting: LHB Junior Coates
|
0-0: Ball 1-0: Ball 2-0: Ball 3-0: Called Strike 3-1: Ground out 4-3 (Groundball, 34)
|
Batting: RHB Víctor Chávez
|
0-0: Swinging Strike 0-1: Ball 1-1: Foul Ball, location: 2F 1-2: Foul Ball, location: 2F 1-2: Foul Ball, location: 2F 1-2: Ball 2-2: Ball 3-2: SINGLE (Line Drive, 56D)
|
Batting: RHB Doug Murray
|
0-0: Ball 1-0: Ball 2-0: Ground out 6-3 (Groundball, 6)
|
Bottom of the 4th over - 0 run(s), 1 hit(s), 0 error(s), 1 left on base; Trenton 2 - Indiana 3 |
TOP OF THE 5TH |
Trenton Stars batting - Pitching for Indiana Hounds : RHP José Morán
|
Batting: RHB Jesús Dávila
|
0-0: Ball 1-0: Foul Ball, location: 2F 1-1: Foul Ball, location: 2F 1-2: Foul Ball, location: 2F 1-2: Ball 2-2: Strikes out looking
|
Batting: RHB Kenji Murayama
|
0-0: Foul Ball, location: 2F 0-1: Fly out, F9 (Flyball, 9M)
|
Batting: LHB Felipe Guerrero
|
0-0: Fly out, F8 (Popup, 6MD)
|
Top of the 5th over - 0 run(s), 0 hit(s), 0 error(s), 0 left on base; Trenton 2 - Indiana 3 |
BOTTOM OF THE 5TH |
Indiana Hounds batting - Pitching for Trenton Stars : RHP Juan Vázquez
|
Batting: RHB Barney Lawson
|
0-0: Ground out 6-3 (Groundball, 6M)
|
Batting: RHB Danny Walker
|
0-0: Called Strike 0-1: SINGLE (Line Drive, 89S)
|
Batting: RHB António Venecia
|
0-0: Ball 1-0: Foul Ball, location: 2F 1-1: Foul Ball, location: 2F 1-2: Hit by Pitch Danny Walker to second
|
Batting: RHB Marc Ploughman
|
0-0: Ball Passed Ball! Danny Walker to third António Venecia to second 1-0: Swinging Strike 1-1: Called Strike 1-2: Ball 2-2: Strikes out looking
|
Batting: LHB Pepe Vázquez
|
0-0: Ball 1-0: Called Strike 1-1: Swinging Strike 1-2: Foul Ball, location: 2F 1-2: Strikes out looking
|
Bottom of the 5th over - 0 run(s), 1 hit(s), 0 error(s), 2 left on base; Trenton 2 - Indiana 3 |
TOP OF THE 6TH |
Trenton Stars batting - Pitching for Indiana Hounds : RHP José Morán
|
Batting: RHB Felipe Olivas
|
0-0: Ball 1-0: Ball 2-0: Ball 3-0: Base on Balls
|
Batting: RHB Salvador Gonzáles
|
0-0: Ball 1-0: Called Strike 1-1: Swinging Strike 1-2: Foul Ball, location: 2F 1-2: Ground out 5-3 (Groundball, 5S) Felipe Olivas to second
|
Batting: RHB Clancy Booker
|
0-0: Fly out, F6 (Popup, 6)
|
Batting: RHB Rafael Canales
|
0-0: Ball 1-0: Foul Ball, location: 2F 1-1: Ball 2-1: SINGLE (Groundball, 13) (infield hit) Felipe Olivas to third
|
Batting: LHB Alonzo Medine
|
0-0: Foul Ball, location: 2F 0-1: Swinging Strike 0-2: Ball 1-2: Strikes out swinging
|
Top of the 6th over - 0 run(s), 1 hit(s), 0 error(s), 2 left on base; Trenton 2 - Indiana 3 |
BOTTOM OF THE 6TH |
Indiana Hounds batting - Pitching for Trenton Stars : RHP Juan Vázquez
|
Batting: RHB Paco Castillo
|
0-0: Called Strike 0-1: Ball 1-1: Swinging Strike 1-2: Foul Ball, location: 2F 1-2: Ball 2-2: Fly out, F3 (Popup, 3)
|
Batting: LHB Junior Coates
|
0-0: Swinging Strike 0-1: Fly out, F8 (Flyball, 8RXD)
|
Batting: RHB Víctor Chávez
|
0-0: Called Strike 0-1: Swinging Strike 0-2: Strikes out swinging
|
Bottom of the 6th over - 0 run(s), 0 hit(s), 0 error(s), 0 left on base; Trenton 2 - Indiana 3 |
TOP OF THE 7TH |
Trenton Stars batting - Pitching for Indiana Hounds : RHP José Morán
|
Batting: LHB Alberto Gómez
|
0-0: Ground out 1-3 (Groundball, 15S)
|
Batting: RHB Jesús Dávila
|
0-0: Ball 1-0: Ball 2-0: Foul Ball, location: 2F 2-1: Called Strike 2-2: Foul Ball, location: 2F 2-2: Strikes out swinging
|
Batting: RHB Kenji Murayama
|
0-0: Ball 1-0: DOUBLE (Flyball, 7LM)
|
Batting: LHB Felipe Guerrero
|
0-0: Called Strike 0-1: Ball 1-1: Ground out 2-3 (Groundball, 2L)
|
Top of the 7th over - 0 run(s), 1 hit(s), 0 error(s), 1 left on base; Trenton 2 - Indiana 3 |
BOTTOM OF THE 7TH |
Indiana Hounds batting - Pitching for Trenton Stars : RHP Juan Vázquez
|
Pitching: RHP Ki-tong Shiu
|
|
Batting: RHB Doug Murray
|
0-0: Called Strike 0-1: Called Strike 0-2: Foul Ball, location: 2F 0-2: Ball 1-2: Foul Ball, location: 2F 1-2: Strikes out swinging
|
Batting: RHB Barney Lawson
|
0-0: Called Strike 0-1: Ball 1-1: Ball 2-1: Called Strike 2-2: Foul Ball, location: 2F 2-2: Ground out 5-3 (Groundball, 5)
|
Batting: RHB Danny Walker
|
0-0: Ball 1-0: Foul Ball, location: 2F 1-1: Foul Ball, location: 2F 1-2: Foul Ball, location: 2F 1-2: Ground out 4-3 (Groundball, 4S)
|
Bottom of the 7th over - 0 run(s), 0 hit(s), 0 error(s), 0 left on base; Trenton 2 - Indiana 3 |
TOP OF THE 8TH |
Trenton Stars batting - Pitching for Indiana Hounds : RHP José Morán
|
Now in RF: Diego Torres
|
|
Batting: RHB Felipe Olivas
|
0-0: Called Strike 0-1: Ball 1-1: Ball 2-1: Foul Ball, location: 2F 2-2: Ball 3-2: SINGLE (Groundball, 5D)
|
Pitching: RHP Estefan Jiménez
|
|
Batting: RHB Salvador Gonzáles
|
0-0: Swinging Strike 0-1: Called Strike 0-2: Foul Ball, location: 2F 0-2: Foul Ball, location: 2F 0-2: Ball 1-2: Foul Ball, location: 2F 1-2: Ball 2-2: Foul Ball, location: 2F 2-2: Strikes out swinging
|
Batting: RHB Clancy Booker
|
0-0: Ball 1-0: SINGLE (Line Drive, 9S) Felipe Olivas to second
|
Batting: RHB Rafael Canales
|
0-0: Ball 1-0: Swinging Strike 1-1: Ball 2-1: Ball 3-1: Fly out, F3 (Popup, 3F)
|
Pitching: LHP Chu-chu Ch'oe
|
|
Batting: LHB Alonzo Medine
|
0-0: Called Strike 0-1: SINGLE (Line Drive, 4) Felipe Olivas to third Clancy Booker to second Runner from 3rd tries for Home, SAFE, no throw or cutoff
|
Pitching: LHP Tatsui Tanaka
|
|
Pinch Hitting: RHB Joe Fisher
|
0-0: Ground out 4-3 (Groundball, 4)
|
Top of the 8th over - 1 run(s), 3 hit(s), 0 error(s), 2 left on base; Trenton 3 - Indiana 3 |
BOTTOM OF THE 8TH |
Indiana Hounds batting - Pitching for Trenton Stars : RHP Ki-tong Shiu
|
Now at 2B: José Barajas
|
|
Batting: RHB António Venecia
|
0-0: Foul Ball, location: 2F 0-1: Foul Ball, location: 2F 0-2: Strikes out swinging
|
Pinch Hitting: LHB Joe Sanders
|
0-0: Foul Ball, location: 2F 0-1: Ball 1-1: Ball 2-1: Ground out 4-3 (Groundball, 4)
|
Batting: LHB Pepe Vázquez
|
0-0: Ground out 4-3 (Groundball, 4)
|
Bottom of the 8th over - 0 run(s), 0 hit(s), 0 error(s), 0 left on base; Trenton 3 - Indiana 3 |
TOP OF THE 9TH |
Trenton Stars batting - Pitching for Indiana Hounds : LHP Tatsui Tanaka
|
Pitching: LHP Pedro Torres
|
|
Now at 1B: Joe Sanders
|
|
Batting: RHB Jesús Dávila
|
0-0: Swinging Strike 0-1: Ball 1-1: SINGLE (Line Drive, 7LS)
|
Batting: RHB Kenji Murayama
|
0-0: Fly out, F9 (Flyball, 9LM)
|
Batting: LHB Felipe Guerrero
|
0-0: Called Strike 0-1: Ball 1-1: Ball 2-1: Foul Ball, location: 2F 2-2: Fly out, F7 (Flyball, 78M)
|
Batting: RHB Felipe Olivas
|
0-0: Called Strike 0-1: Swinging Strike 0-2: Foul Ball, location: 2F 0-2: Foul Ball, location: 2F 0-2: Ball 1-2: Ball 2-2: Fly out, F8 (Flyball, 8RM)
|
Top of the 9th over - 0 run(s), 1 hit(s), 0 error(s), 1 left on base; Trenton 3 - Indiana 3 |
|